 Dungeon Crawl Stone Soup version 0.21-a0-110-g8e1637b (webtiles) character file.

7606 tilp the Arsonist (level 11, -11/91 (92) HPs)
             Began as a Hill Orc Fire Elementalist on July 7, 2017.
             Was a High Priest of Okawaru.
             Shot with an arrow by a tengu warrior (24 damage)
             ... on level 9 of the Dungeon.
             The game lasted 00:48:12 (12104 turns).

tilp the Arsonist (Hill Orc Fire Elementalist)     Turns: 12104, Time: 00:48:12

HP:   -11/91 (92)   AC: 10    Str: 15    XL:     11   Next: 17%
MP:   10/16         EV: 14    Int: 18    God:    Okawaru [*****.]
Gold: 433           SH:  0    Dex: 11    Spells: 6/17 levels left

rFire    . . .     SeeInvis .   H - +9 long sword of Vust {slice, *Slow +Inv Str+3}
rCold    . . .     Gourm    .   (no shield)
rNeg     . . .     Faith    .   G - +3 troll leather armour
rPois    .         Spirit   .   (no helmet)
rElec    .         Reflect  .   (no cloak)
rCorr    .         Harm     .   k - +2 pair of gloves
MR       .....                  (no boots)
Stlth    +.........             (no amulet)
HPRegen  0.65/turn              (no ring)
MPRegen  0.15/turn              (no ring)

@: no status effects
A: no striking features
a: Heroism, Finesse, Renounce Religion, Evoke Invisibility


You were on level 9 of the Dungeon.
You worshipped Okawaru.
Okawaru was extremely pleased with you.
You were not hungry.

You visited 2 branches of the dungeon, and saw 10 of its levels.
You also visited: Sewer.

You collected 433 gold pieces.

Inventory:

Hand Weapons
 h - a +0 war axe
 j - a +0 dagger
 n - a +2 whip of draining
 u - a +2 dagger of flaming
 w - a +2 whip of venom
 E - a +0 quarterstaff of protection
 H - the +9 long sword of Vust (weapon) {slice, *Slow +Inv Str+3}
   (You found it on level 8 of the Dungeon)

   It inflicts extra damage upon your enemies.
   It affects your strength (+3).
   It lets you turn invisible.
   It may slow you when you take damage.
 I - a +2 whip of freezing
Missiles
 e - 2 exploding tomahawks
 r - 7 javelins (quivered)
 D - 2 tomahawks
 J - a throwing net
Armour
 k - a +2 pair of gloves (worn)
 G - a +3 troll leather armour (worn)
Magical Staves
 z - an uncursed staff of earth
Jewellery
 a - a cursed ring of teleportation {unknown}
 v - a +1 ring of evasion {unknown}
 y - an uncursed ring of protection from cold {unknown}
Wands
 t - a wand of random effects (24/48)
 C - a wand of confusion (13/48)
Scrolls
 d - a scroll of fear
 m - 2 scrolls of recharging
 p - a scroll of identify
 s - 9 scrolls of teleportation
 x - 2 scrolls of enchant weapon {unknown}
 B - a scroll of torment {unknown}
Potions
 f - a potion of berserk rage {unknown}
 i - a potion of invisibility {unknown}
 l - 5 potions of flight
 o - a potion of ambrosia {unknown}
 q - a potion of lignification {unknown}
 A - 2 potions of might
 F - a potion of degeneration {unknown}
Books
 b - a book of Flames

   Spells                             Type                      Level
   a - Flame Tongue                   Conjuration/Fire             1
   b - Throw Flame                    Conjuration/Fire             2
   c - Conjure Flame                  Conjuration/Fire             3
   d - Inner Flame                    Hexes/Fire                   3
   e - Sticky Flame                   Conjuration/Fire             4
   f - Fireball                       Conjuration/Fire             5
 g - a book of Callings

   Spells                             Type                      Level
   a - Summon Small Mammal            Summoning                    1
   b - Call Imp                       Summoning                    2
   c - Call Canine Familiar           Summoning                    3
   d - Summon Guardian Golem          Hexes/Summoning              3
   e - Summon Lightning Spire         Summoning/Air                4
   f - Summon Ice Beast               Ice/Summoning                4
Comestibles
 c - 5 bread rations
 K - 3 fruits
 L - 5 chunks of flesh


   Skills:
 + Level 7.3 Fighting
 + Level 5.4 Dodging
 - Level 1.5 Stealth
 - Level 3.8 Spellcasting
 - Level 7.2 Conjurations
 - Level 12.5 Fire Magic
 + Level 2.0 Invocations
 + Level 1.4 Evocations


You had 6 spell levels left.
You knew the following spells:

 Your Spells              Type           Power        Failure   Level  Hunger
a - Flame Tongue          Conj/Fire      #####        1%          1    None
b - Throw Flame           Conj/Fire      #####.       1%          2    ##.....
c - Conjure Flame         Conj/Fire      #####...     1%          3    ###....
d - Sticky Flame          Conj/Fire      #####...     3%          4    ####...
e - Summon Small Mammal   Summ           #...         19%         1    None


Dungeon Overview and Level Annotations

Branches:
Dungeon (9/15)             Temple (1/1) D:5            Lair (0/6) D:8
    Orc: D:9-12

Altars:
Ashenzari
Cheibriados
Dithmenos
Elyvilon
Fedhas
Hepliaklqana
Kikubaaqudgha
Nemelex Xobeh
Okawaru
Qazlal
Ru
Sif Muna
Trog
Uskayaw
Vehumet
Wu Jian
Xom
Yredelemnul
The Shining One

Annotations:
D:3 melvinkitnick's ghost, amateur HOFi
D:8 melvinkitnick's ghost, novice HuBe


Message History

Confirm with . or Enter, or press ? or * to list all spells.
Aiming: Sticky Flame
Press: ? - help, Shift-Dir - straight line, f/p - tengu warrior
Aim: a tengu warrior, wielding a halberd and wearing a ring mail (lightly wounded)
The sticky flame hits the tengu warrior.
The tengu warrior is moderately wounded.
The tengu warrior is covered in liquid flames!
The tengu warrior burns!
The tengu warrior hits you with an uncursed halberd!!
* * * LOW HITPOINT WARNING * * *
The tengu warrior closely misses you.
The tengu warrior claws you but does no damage.
The tengu warrior burns!
The tengu warrior hits you from afar with an uncursed halberd!
* * * LOW HITPOINT WARNING * * *
The tengu warrior burns!
The tengu warrior unwields an uncursed halberd.
The tengu warrior wields an uncursed longbow.
The tengu warrior shoots an arrow.
The arrow hits you!!
You die...

#.#
#..#.##..#..#.#.รท.#####
#.######..#.#........#.###
# #....)......#...######.#
# ##########.##..........#
# ###.##..########### #
#...)..Q##.#......# #
#.#)#......#.####.# #
#.#....(...#.# #.#
#.##.#@#####.# #.#####
#....#.......# #......
#.####.####### #.##### ###
### ###


You could see a tengu warrior (burning).

Vanquished Creatures
  A hydra (D:7)
  2 two-headed ogres (D:9)
  Pikel (D:8)
  2 trolls
  Grinder (D:5)
  Eustachio (D:5)
  A hungry ghost (D:8)
  A water moccasin (D:7)
  5 porcupines (D:8)
  Purgy (D:4)
  An orc warrior (D:7)
  A black bear (D:8)
  3 slaves (D:8)
  4 sky beasts
  2 ogres (D:6)
  A necrophage (D:9)
  2 centaurs
  2 phantoms
  The ghost of asdu the Slasher, an amateur HaCK of Xom (Sewer)
  A crocodile (D:8)
  Blork the orc (D:5)
  A big kobold (D:9)
  3 bullfrogs
  4 scorpions
  6 killer bees (D:9)
  3 jellies
  A crimson imp (D:9)
  2 centaur zombies (D:6)
  A quasit (D:5)
  7 orc wizards
  4 orc priests
  4 hounds
  Ijyb (D:5)
  Terence (D:2)
  2 iguanas
  6 worker ants
  A merfolk siren (Sewer)
  A merfolk avatar (Sewer)
  2 hound zombies
  A hound skeleton (D:6)
  2 worker ant zombies
  4 gnolls (D:9)
  2 river rats (Sewer)
  16 adders
  A shadow imp (D:6)
  2 oozes
  4 adder skeletons
  2 worms (D:2)
  10 dart slugs
  4 leopard geckos
  35 orcs
  12 giant cockroaches
  8 goblins
  8 hobgoblins
  21 jackals
  7 kobolds
  4 quokkas
  5 ball pythons
  7 bats
  13 frilled lizards
  A giant cockroach zombie (D:5)
  A jackal zombie (D:6)
  A quokka zombie (D:6)
  39 rats
295 creatures vanquished.

Vanquished Creatures (others)
  4 fungi (D:8)
  2 plants (D:8)
6 creatures vanquished.

Grand Total: 301 creatures vanquished

Notes
Turn   | Place    | Note
-------+----------+-------------------------------------------
     0 | D:1      | tilp the Hill Orc Fire Elementalist began the quest for the Orb.
     0 | D:1      | Reached XP level 1. HP: 14/14 MP: 3/3
   195 | D:1      | Reached XP level 2. HP: 20/20 MP: 1/5
   258 | D:1      | Found a snail-covered altar of Cheibriados.
   476 | D:1      | Reached XP level 3. HP: 26/26 MP: 3/6
  1383 | D:2      | Reached XP level 4. HP: 33/33 MP: 5/8
  1497 | D:2      | Learned a level 2 spell: Throw Flame
  1501 | D:2      | Learned a level 3 spell: Conjure Flame
  1784 | D:2      | Noticed Terence
  1828 | D:2      | Killed Terence
  2053 | D:2      | Reached XP level 5. HP: 30/38 MP: 4/10
  2196 | D:2      | Learned a level 4 spell: Sticky Flame
  2217 | D:2      | Found a glowing golden altar of the Shining One.
  2320 | D:2      | Found a shimmering altar of Xom.
  2499 | D:2      | Found a sacrificial altar of Ru.
  2673 | D:3      | Found a hazy altar of Hepliaklqana.
  3346 | D:3      | Noticed melvinkitnick's ghost (amateur HOFi)
  3654 | D:3      | Reached XP level 6. HP: 41/45 MP: 5/11
  3720 | D:3      | Found a faded altar of an unknown god.
  3927 | D:3      | Reached skill level 4 in Fire Magic
  4273 | D:4      | Found a blossoming altar of Fedhas.
  4404 | D:4      | Noticed Purgy
  4423 | D:4      | Killed Purgy
  4423 | D:4      | Reached skill level 5 in Fire Magic
  4601 | D:4      | Noticed a phantom
  4613 | D:4      | Killed a phantom
  4613 | D:4      | Reached XP level 7. HP: 41/50 MP: 3/12
  5320 | D:5      | Entered Level 5 of the Dungeon
  5378 | D:5      | Found a staircase to the Ecumenical Temple.
  5384 | D:5      | Reached skill level 5 in Conjurations
  5393 | D:5      | Noticed Blork the orc
  5475 | D:5      | Found a glowing drain.
  5504 | Sewer    | Entered a sewer
  5930 | Sewer    | Reached XP level 8. HP: 50/57 MP: 6/13
  5931 | Sewer    | Noticed asdu's ghost (amateur HaCK)
  5952 | Sewer    | Killed asdu's ghost
  5952 | Sewer    | Reached skill level 6 in Fire Magic
  6239 | Temple   | Entered the Ecumenical Temple
  6308 | Temple   | Became a worshipper of Warmaster Okawaru
  6462 | D:5      | Killed Blork the orc
  6867 | D:5      | Reached skill level 7 in Fire Magic
  6877 | D:5      | Noticed Eustachio
  6956 | D:5      | Killed Eustachio
  7089 | D:5      | Noticed Grinder
  7097 | D:5      | Killed Grinder
  7097 | D:5      | Reached skill level 8 in Fire Magic
  7384 | D:5      | Noticed Ijyb
  7388 | D:5      | Killed Ijyb
  7599 | D:5      | Reached skill level 9 in Fire Magic
  7722 | D:6      | Reached XP level 9. HP: 53/62 MP: 9/14
  7962 | D:6      | Learned a level 1 spell: Summon Small Mammal
  8199 | D:6      | Reached skill level 10 in Fire Magic
  8265 | D:6      | Reached * piety under Okawaru
  8312 | D:6      | Found a stormy altar of Qazlal.
  8859 | D:6      | Noticed a troll
  8874 | D:6      | Killed a troll
  8874 | D:6      | Reached skill level 11 in Fire Magic
  9216 | D:7      | Noticed a five-headed hydra
  9237 | D:7      | Killed a five-headed hydra
  9237 | D:7      | Reached ** piety under Okawaru
  9237 | D:7      | Reached skill level 12 in Fire Magic
  9378 | D:7      | Reached XP level 10. HP: 69/69 MP: 9/15
  9716 | D:7      | Reached *** piety under Okawaru
 10086 | D:8      | Noticed melvinkitnick's ghost (novice HuBe)
 10204 | D:8      | Reached skill level 1 in Fighting
 10654 | D:8      | Found a staircase to the Lair.
 10696 | D:8      | Received a gift from Okawaru
 10986 | D:8      | Noticed Pikel
 11049 | D:8      | Killed Pikel
 11055 | D:8      | Got a fine long sword
 11056 | D:8      | Identified the +9 long sword of Vust {slice, *Slow +Inv Str+3} (You found it on level 8 of the Dungeon)
 11419 | D:9      | Reached skill level 5 in Fighting
 11559 | D:9      | Noticed a two-headed ogre
 11563 | D:9      | Killed a two-headed ogre
 11563 | D:9      | Reached **** piety under Okawaru
 11672 | D:9      | Noticed a tengu warrior
 11708 | D:9      | Reached skill level 5 in Dodging
 11708 | D:9      | Reached XP level 11. HP: 32/91 MP: 2/16
 11936 | D:9      | Noticed a two-headed ogre
 11961 | D:9      | Killed a two-headed ogre
 11961 | D:9      | Reached ***** piety under Okawaru
 11961 | D:9      | Reached skill level 1 in Invocations
 11961 | D:9      | Reached skill level 1 in Evocations
 12104 | D:9      | Shot with an arrow by a tengu warrior

Vault maps used:
D:1:      wheals_arrival_linesprint, minmay_misc_feat_alley, cheibriados_altar_1
D:2:      lemuel_doored_altar, tgw_xom, grunt_ministairs_11,
          nicolae_ru_the_path_less_chosen, uniq_terence
D:3:      old_standard_altar, chequers_ecumenical_altar_lobes, first_bread,
          wad_orctagon
D:4:      overflow_temple_1_default, minmay_misc_feat_doors, uniq_purgy
D:5:      minmay_temple_entry_overgrown, portal_sewer_entry_b, uniq_ijyb,
          uniq_blork_the_orc, uniq_eustachio, uniq_grinder
D:6:      cheibrodos_barr_body, minmay_misc_feat_chi,
          nicolae_qazlal_general_emergency
D:8:      due_lair_maze_entry_diamond, uniq_pikel
D:9:      chequers_temple_overflow_minitemple
Temple:   regret_index_temple_generic_petals
Sewer:    sewer_sea

Skill      XL: |  1  2  3  4  5  6  7  8  9 10 11 |
---------------+----------------------------------+-----
Spellcasting   | 2 3 |  3.8
Conjurations   | 3 4 6 7 |  7.2
Fire Magic     | 5 9 12 | 12.5
Fighting       | 6 7 |  7.3
Dodging        | 5 |  5.4
Invocations    | 2 |  2.0
Evocations     | 1 |  1.4
Stealth        | |  1.5

Action                   |  1- 3 |  4- 6 |  7- 9 | 10-12 || total
-------------------------+-------+-------+-------+-------++-------
Melee: Dagger            |    66 |   126 |       |       ||   192
       Club              |     5 |       |       |       ||     5
       Whip              |       |    65 |   425 |   110 ||   600
       Long sword        |       |       |       |    61 ||    61
Throw: Stone             |     3 |       |       |       ||     3
       Javelin           |       |     3 |     3 |       ||     6
 Cast: Flame Tongue      |    40 |    95 |    45 |    56 ||   236
       Throw Flame       |       |    13 |    12 |     4 ||    29
       Sticky Flame      |       |       |    27 |    24 ||    51
       Conjure Flame     |       |       |     2 |       ||     2
Invok: Heroism           |       |       |       |     2 ||     2
  Use: Scroll            |       |     8 |     9 |     1 ||    18
       Potion            |       |       |     1 |     3 ||     4
 Stab: Sleeping          |     3 |     3 |     2 |       ||     8
  Eat: Chunk             |     2 |    11 |     9 |    10 ||    32
       Royal jelly       |       |       |     1 |     1 ||     2
       Meat ration       |       |       |     2 |     1 ||     3
Armor: Leather armour    |    33 |    91 |   224 |       ||   348
       Troll leather arm |       |       |    24 |    79 ||   103
Dodge: Dodged            |    52 |   135 |   331 |   144 ||   662
       Rpst.: Long sword |       |       |       |    17 ||    17
